 Dungeon Crawl Stone Soup version 0.25-a0-566-g062765be81 (webtiles) character file.

Game seed: 1854348456811553801, levelgen mode: deterministic

9 MisterFreud the Charmwright (level 2, 0/13 HPs)
             Began as a Felid Skald on Feb 27, 2020.
             Slain by a kobold
             ... wielding a +0 club
              (5 damage)
             ... on level 1 of the Dungeon.
             The game lasted 00:01:01 (342 turns).

MisterFreud the Charmwright (Felid Skald)            Turns: 342, Time: 00:01:02

Health: 0/13       AC:  1    Str:  7    XL:     2   Next: 6%
Magic:  1/6        EV: 18    Int: 14    God:
Gold:   39         SH:  0    Dex: 15    Spells: 4/5 levels left
                                        Lives:  0   Deaths: 0

rFire    . . .     SeeInvis +     - Unarmed
rCold    . . .     Gourm    .   (shield unavailable)
rNeg     . . .     Faith    .   (armour unavailable)
rPois    .         Spirit   .   (helmet unavailable)
rElec    .         Reflect  .   (cloak unavailable)
rCorr    .         Harm     .   (gloves unavailable)
MR       .....                  (boots unavailable)
Stlth    ++........             (no amulet)
HPRegen  0.04/turn              (no ring)
MPRegen  0.10/turn              (no ring)

@: infused, quick
A: very small, no armour, no weapons or thrown items, stealth, claws 1, fangs 3,
see invisible, carnivore, speed 1, shaggy fur 1, slow metabolism 1, sharp paws
a: no special abilities


You were on level 1 of the Dungeon.
You were very full.

You visited 1 branch of the dungeon, and saw 1 of its levels.

You collected 39 gold pieces.

Inventory:

Potions
 a - a potion of mutation {unknown}
Comestibles
 b - a ration


   Skills:
 * Level 2.8 Fighting
 - Level 3.2 Dodging
 - Level 2.0 Unarmed Combat
 - Level 2.0 Spellcasting
 - Level 3.6 Charms


You had 4 spell levels left.
You knew the following spells:

 Your Spells              Type           Power        Failure   Level  Hunger
a - Infusion              Chrm           ##..         5%          1    ##.....

Your spell library contained the following spells:

 Spells                   Type           Power        Failure   Level  Hunger
 Song of Slaying          Chrm           ##......     9%          2    ###....
 Shroud of Golubria       Chrm/Tloc      #.....       17%         2    ###....
 Ozocubu's Armour         Chrm/Ice       #.......     34%         3    ####...
 Spectral Weapon          Hex/Chrm       Unusable     N/A         3    N/A

Dungeon Overview and Level Annotations

Branches:
Dungeon (1/15)

Altars:


Innate Abilities, Weirdness & Mutations

You cannot wear armour.
You are incapable of wielding weapons or throwing items.
Your paws allow you to move quietly. (Stealth)
You have sharp claws.
You have razor-sharp teeth.
You have supernaturally acute eyesight. (SInv)
You are carnivorous and can eat meat at any time.
You cover ground quickly.
You are covered in fur. (AC +1)
You have a slow metabolism.
Your sharp claws are effective at attacking unaware monsters.


Message History

You see here a whip.
A kobold comes into view. It is wielding a +0 club.
The kobold shouts!
You hear a shout!
Casting: Infusion (safe; 5% risk of failure)
Confirm with . or Enter, or press ? or * to list all spells.
You begin infusing your attacks with magical energy.
A hobgoblin comes into view. It is wielding a +0 club.
The dart slug launches a dart at you. The slug dart hits you.
Ouch! That really hurt!
You scratch the dart slug!
The dart slug is severely wounded.
The dart slug closely misses you.
You claw the dart slug!
You kill the dart slug!
You have reached level 2!
The kobold throws a stone.
The stone barely misses you.
The kobold throws a stone.
The stone completely misses you. The kobold hits you with a +0 club.
You die...

.... ##............##
#..............#
#######......?.......#
.....................#
#รท...##..............#
#....#...............#
#...................#
#.........()....@K.#
....................#
....................#
.................g..#
######..............# #
#..............# .
#...............# .
#......>........# .


You could see a hobgoblin and a kobold.

Vanquished Creatures
  2 dart slugs (D:1)
  A leopard gecko (D:1)
  A goblin (D:1)
  A frilled lizard (D:1)
5 creatures vanquished.

Notes
Turn   | Place    | Note
-------+----------+-------------------------------------------
     0 | D:1      | MisterFreud the Felid Skald began the quest for the Orb.
     0 | D:1      | Reached XP level 1. HP: 9/9 MP: 4/4
     2 | D:1      | Noticed a naga
     2 | D:1      | Noticed a human
     5 | D:1      | Noticed a spriggan
     7 | D:1      | Noticed a halfling
     9 | D:1      | Noticed a vampire
     9 | D:1      | Noticed a centaur
    11 | D:1      | Noticed a draconian
    11 | D:1      | Noticed a dwarf
    13 | D:1      | Noticed a minotaur
    13 | D:1      | Noticed a formicid
    15 | D:1      | Noticed a merfolk
    18 | D:1      | Noticed a vine stalker
    18 | D:1      | Noticed a gargoyle
    20 | D:1      | Noticed a tengu
    20 | D:1      | Noticed a troll
    22 | D:1      | Noticed a ghoul
    22 | D:1      | Noticed a demonspawn
    24 | D:1      | Noticed an elf
    26 | D:1      | Noticed an octopode
    26 | D:1      | Noticed an ogre
    28 | D:1      | Noticed a demigod
    28 | D:1      | Noticed a felid
   340 | D:1      | Reached XP level 2. HP: 5/13 MP: 1/6
   342 | D:1      | Slain by a kobold

Levels and vault maps discovered:
D:1:      kb_arrival_jail, layout_rooms, minmay_pentomino_t4

Action                   || total
-------------------------++-------
Melee: Unarmed           ||    10
 Cast: Infusion          ||     5
  Eat: Chunk             ||     4
Dodge: Dodged            ||     6

Table legend:
 A = Non-vault XP
 B = Vault XP
 C = Vault XP percentage of total XP
 D = Non-vault monster count
 E = Vault monster count
 F = Vault count percentage of total count
                 A         B        C        D         E       F
            +---------+---------+-------+---------+---------+-------
      Total |      14 |       0 |   0.0 |       5 |       0 |   0.0
            +---------+---------+-------+---------+---------+-------
        D:1 |      14 |       0 |   0.0 |       5 |       0 |   0.0
            +---------+---------+-------+---------+---------+-------
